 Dungeon Crawl Stone Soup version 0.30-a0-965-g42e074c17a (webtiles) character file.

Game seed: 16893574332782884134

596 bearlyready the Chopper (level 7, -8/59 HPs)
             Began as an Armataur Berserker on Mar 31, 2023.
             Was a Believer of Trog.
             Splashed by a jelly's acid (11 damage)
             ... on level 5 of the Dungeon.
             The game lasted 00:04:14 (3929 turns).

bearlyready the Chopper (Armataur Berserker)        Turns: 3929, Time: 00:04:14

Health: -8/59      AC:  1    Str: 24    XL:     7   Next: 17%
Magic:  7/7        EV:  6    Int:  8    God:    Trog [**....]
Gold:   166        SH:  0    Dex:  9    Spells: 6/6 levels left

rFire   . . .      SeeInvis .    a - +0 hand axe
rCold   + . .      Faith    .    (no shield)
rNeg    . . .      Spirit   .    y - +2 chain mail {rC+}
rPois   .          Reflect  .    (no helmet)
rElec   .          Roll     +    (no cloak)
rCorr   .                        (no gloves)
Will    ++...                    (no barding) Stlth
                                 (no amulet)
HPRegen 1.29/turn                (no ring)
MPRegen 0.10/turn                (no ring)

@: strong-willed, corroded, on berserk cooldown, regenerating, slowed, very slow
A: large, rugged brown scales 3, deformed body, armoured tail, roll, long
tongue, awkward tongue
a: Renounce Religion, Berserk, Trog's Hand


You were on level 5 of the Dungeon.
You worshipped Trog.
Trog was pleased with you.
You visited 1 branch of the dungeon, and saw 5 of its levels.

You collected 166 gold pieces.

Inventory:

Hand Weapons
 a - a +0 hand axe (weapon)
 A - a +0 broad axe
Missiles
 c - 44 stones (quivered)
 l - a throwing net
Armour
 b - a +0 animal skin
 k - a +0 ring mail
 y - a +2 chain mail of cold resistance (worn)
 z - a +0 kite shield
Jewellery
 p - a ring of ice
Wands
 D - a wand of acid (3)
Scrolls
 g - 2 scrolls of enchant armour {unknown}
 i - 2 scrolls of fear {unknown}
 j - a scroll of summoning {unknown}
 m - 2 scrolls of vulnerability {unknown}
 n - a scroll of poison {unknown}
 o - a scroll of noise {unknown}
 q - a scroll of immolation {unknown}
 t - 3 scrolls of identify {unknown}
 u - a scroll of fog {unknown}
 v - 2 scrolls of enchant weapon {unknown}
 w - a scroll of silence {unknown}
 B - 3 scrolls of teleportation {unknown}
Potions
 d - 5 potions of curing
 e - a potion of attraction {unknown}
 f - 2 potions of haste
 h - 3 potions of mutation {unknown}
 r - 2 potions of degeneration {unknown}
 s - 4 potions of invisibility {unknown}
 x - 2 potions of heal wounds {unknown}
 C - 2 potions of brilliance {unknown}


   Skills:
 - Level 2.6 Fighting
 + Level 6.9 Axes
 - Level 2.4 Armour
 - Level 1.3 Dodging


You had 6 spell levels left.
You didn't know any spells.
Your spell library was empty.

Dungeon Overview and Level Annotations

Branches:
Dungeon (5/15)
 Temple: D:4-7

Altars:
Cheibriados
Nemelex Xobeh


Innate Abilities, Weirdness & Mutations

You are completely covered in rugged brown scales. (AC +3, +7% HP)
Armour fits poorly on your strangely shaped body.
You have a long armoured tail.
You roll when moving toward enemies. (Rampage)
Your long tongue fully drains potion bottles. (2x potion effects)
Your tongue gives you trouble enunciating. (1.5x scroll delay)


Message History

The orc hits you but does no damage. Something hits you.
Okay, then.
The orc attacks as you move away! The orc hits you but does no damage.
The jelly attacks as you move away! The jelly hits you. The acid corrodes you!
You are splashed with acid!
Something hits you but does no damage. The jelly hits you but does no damage.
Something hits you.
Your skin crawls.
You feel strong-willed. The jelly hits you but does no damage.
Something hits you.
You hit the jelly.
Your hands burn!
The jelly is lightly wounded.
You barely miss something. You closely miss the orc.
The orc hits you with a +0 mace. The jelly barely misses you.
Something hits you. The jelly hits you but does no damage.
The orc barely misses you. Something hits you but does no damage.
You hit the jelly.
Your hands burn!
The jelly is moderately wounded.
You barely miss something. You hit the orc.
The orc hits you but does no damage. The jelly barely misses you.
Something hits you.
You hit the orc.
You kill the orc!
Trog accepts your kill.
You closely miss something. You hit the jelly. The acid corrodes you!
Your hands burn!
* * * LOW HITPOINT WARNING * * *
An orc wizard appears from thin air!
Reactivating autopickup.
The jelly hits you.
* * * LOW HITPOINT WARNING * * *
You are splashed with acid!
* * * LOW HITPOINT WARNING * * *
The orc wizard hits you with a +0 dagger.
* * * LOW HITPOINT WARNING * * *
The orc wizard hits you with a +0 dagger.
* * * LOW HITPOINT WARNING * * *
The jelly hits you.
* * * LOW HITPOINT WARNING * * *
You are splashed with acid!
You die...

#..............#
#.....>.......
...>...........#
#.............
.......))......#
#.............
.......†.......#
#.............
...............#
#.............
##.....$.......#
#.............
###...........#
#.............
##.........o####............#
###.......J@.###...........#
##......)...##..........##
...##......................
...##........................
.. ###...............#...##.
. ####.......###..##### #
##..##### ##..# #..# #..# #.#
#.#


You could see a jelly and an orc wizard.

Vanquished Creatures
  A black bear (D:4)
  2 hounds
  3 orc priests
  2 sleepcaps
  Ijyb (D:3)
  Natasha (thrice) (D:2)
  2 orc wizards (D:4)
  7 adders
  4 dart slugs
  12 orcs
  2 bats
  9 endoplasms
  2 giant cockroaches
  10 goblins
  4 hobgoblins
  5 jackals
  2 quokkas
  8 ball pythons
  A frilled lizard (D:2)
  4 kobolds
  3 rats
87 creatures vanquished.

Notes
Turn   | Place    | Note
-------+----------+-------------------------------------------
     0 | D:1      | bearlyready the Armataur Berserker began the quest for the
                  | Orb.
     0 | D:1      | Reached XP level 1. HP: 19/19 MP: 1/1
   393 | D:1      | Found a faded altar of an unknown god.
   892 | D:2      | Reached XP level 2. HP: 26/26 MP: 2/2
   895 | D:2      | Reached skill level 3 in Axes
  1037 | D:2      | Noticed Natasha
  1042 | D:2      | Killed Natasha
  1043 | D:2      | Reached XP level 3. HP: 24/32 MP: 3/3
  1046 | D:2      | Noticed Natasha
  1059 | D:2      | Killed Natasha
  1060 | D:2      | Reached skill level 4 in Axes
  1060 | D:2      | Reached XP level 4. HP: 28/39 MP: 4/4
  1624 | D:2      | Noticed Natasha
  1629 | D:2      | Killed Natasha
  1865 | D:3      | Reached ** piety under Trog
  1872 | D:3      | Reached XP level 5. HP: 38/44 MP: 5/5
  1982 | D:3      | Found a snail-covered altar of Cheibriados.
  2002 | D:3      | Found a sparkling altar of Nemelex Xobeh.
  2065 | D:3      | Reached skill level 5 in Axes
  2382 | D:3      | Noticed Ijyb
  2413 | D:3      | Killed Ijyb
  2718 | D:4      | Reached XP level 6. HP: 36/53 MP: 6/6
  2962 | D:4      | Reached skill level 6 in Axes
  3489 | D:4      | Reached XP level 7. HP: 45/59 MP: 7/7
  3807 | D:5      | Entered Level 5 of the Dungeon
  3929 | D:5      | Splashed by a jelly's acid

Illustrated notes

Levels and vault maps discovered:
D:1:      eino_arrival_cavern_e, layout_loops_ring,
          ebering_ecumenical_altar_hall, bh_walls_and_bars
D:2:      minmay_wonky_spiral, layout_basic, kennysheep_generic_room_5,
          uniq_crazy_yiuf_cottage, uniq_natasha
D:3:      layout_rooms, mainiacjoe_overflow_cross_hatched, cheibriados_altar_1,
          st_stairs_12, minmay_fountain_box, uniq_ijyb
D:4:      layout_basic, grunt_decor_resistance
D:5:      layout_cave_pods, serial_glass, glass_columns_b, glass_columns_b

Skill      XL: |  1  2  3  4  5  6 |
---------------+-------------------+-----
Axes           | 3 4 5 6 |  6.9
Fighting       | |  2.6
Armour         | |  2.4
Dodging        | |  1.3

Action                     |  1- 3 |  4- 6 |  7- 9 || total
---------------------------+-------+-------+-------++-------
  Melee: Hand axe          |    49 |   210 |    24 ||   283
         Tailslap          |     6 |    24 |     1 ||    31
 Invoke: Berserk           |       |     1 |     1 ||     2
         Trog's Hand       |       |       |     1 ||     1
    Use: Potion            |       |       |     1 ||     1
 Armour: Ring mail         |    17 |    45 |       ||    62
         Animal skin       |     1 |       |       ||     1
         Chain mail        |       |    65 |    28 ||    93
  Dodge: Dodged            |    19 |    74 |     8 ||   101

Table legend: (Time is in decaauts)
 A = Elapsed time spent in this place.
 B = Non-inter-level travel time spent in this place.
 C = Inter-level travel time spent in this place.
 D = Time resting spent in this place.
 E = Time spent auto-exploring this place.
 F = Levels seen in this place.
 G = Mean time per level.
                   A        B        C        D        E       F      G
               +--------+--------+--------+--------+--------+-----+--------+
         Total |   3961 |   3791 |    170 |      2 |   3191 |   5 |  792.2 |
       Dungeon |   3961 |   3791 |    170 |      2 |   3191 |   5 |  792.2 |
               +--------+--------+--------+--------+--------+-----+--------+

Top non-repeatable levels by time:
     D:4: 1224 daAuts
     D:2: 936 daAuts
     D:1: 879 daAuts
     D:3: 796 daAuts
     D:5: 125 daAuts
